 Dungeon Sprint DCSS version 0.31-a0-868-g674d60d6f7 (webtiles) character file.

Game seed: 15921944047853037435

270 rocky1 the Nimble (level 6, -5/48 HPs)
             Began as a Djinni Gladiator on Oct 12, 2023.
             Slain by a neqoxec (8 damage)
             ... in the Dungeon (Sprint II: "The Violet Keep of Menkaure").
             The game lasted 00:00:20 (28 turns).

rocky1 the Nimble (Djinni Gladiator)                  Turns: 28, Time: 00:00:20

Health: -5/48      AC:  4    Str: 13      XL:     6   Next: 46%
Gold:   0          EV: 16    Int:  3 (9)  God:
                   SH:  0    Dex: 17

rFire   + + .        a - +0 long sword
rCold   x . .        (no shield)
rNeg    . . .        b - +0 leather armour
rPois   ∞            c - +0 helmet
rElec   .            (no cloak)
rCorr   .            (no gloves)
SInv    .            (boots unavailable)
Will    .....        (no amulet)
Stlth   +            (no ring)
HPRegen 0.00/turn    (no ring)
MPRegen 0.00/turn

%: no teleportation, random rage (3%), infuse magic (-6 HP)
@: on berserk cooldown, flying, inhibited regen, slowed, very slow
A: sickness immunity, fire resistance 2, cold vulnerability 1, float, innate
caster, HP casting, extra vitality 1, berserk 1, inhibited regeneration
a: no special abilities


You were in the Dungeon.
You visited 1 branch

Inventory:

Hand Weapons
 a - a +0 long sword (weapon)
Missiles
 d - 3 throwing nets (quivered)
 e - a javelin
Armour
 b - a +0 leather armour (worn)
 c - a +0 helmet (worn)
Scrolls
 j - a scroll of blinking
Potions
 f - a potion of curing
 g - a potion of heal wounds
 h - a potion of haste


   Skills:
 + Level 4.4 Fighting
 + Level 7.8 Long Blades
 + Level 3.4 Throwing
 + Level 0.3 Armour
 + Level 9.1 Dodging


You knew the following spells:

 Your Spells              Type           Power      Damage    Failure   Level
a - Apportation           Tloc           0%         N/A       61%         1
b - Scorch                Fire           0%         2d5       75%         2
Your spell library was empty.

Dungeon Overview and Level Annotations

Branches:
Dungeon (1/1)

Altars:


Innate Abilities, Weirdness & Mutations

You are immune to sickness and miasma.
You are immune to poison.
Your flesh is very heat resistant. (rF++)
You are vulnerable to cold. (rC-)
You float through the air rather than walking.
You learn spells naturally, not from books.
Your magical power is your life essence.
You have superior vitality. (+4 MHP)
You sometimes lose your temper in combat.
You do not regenerate when monsters are visible.


Message History

The neqoxec gestures at you.
You feel dopey. Something feeds on your intellect! The neqoxec misses you.
You hit the neqoxec.
The neqoxec is moderately wounded.
The neqoxec misses you.
You slash the neqoxec!
The neqoxec is heavily wounded.
The neqoxec closely misses you. The neqoxec completely misses you.
You hit the neqoxec but do no damage.
The neqoxec is heavily wounded.
The neqoxec barely misses you.
You hit the neqoxec but do no damage.
The neqoxec is heavily wounded.
The neqoxec closely misses you. The neqoxec gestures at you.
You feel dopey. Something feeds on your intellect!
You closely miss the neqoxec.
The neqoxec is heavily wounded.
The neqoxec hits you!
You slash the neqoxec!
The neqoxec is almost dead.
The neqoxec hits you!
* * * LOW HITPOINT WARNING * * *
The neqoxec misses you.
You closely miss the neqoxec.
The neqoxec is almost dead.
The neqoxec hits you!
* * * LOW HITPOINT WARNING * * *
The neqoxec gestures at you.
You feel dopey. Something feeds on your intellect!
You miss the neqoxec.
The neqoxec is almost dead.
The neqoxec barely misses you. x2
You hit the neqoxec.
The neqoxec is almost dead.
The neqoxec hits you!
You die...

#+#
##.##
+.<.+
##@##
#3#
.3.
..##.
###
##


You could see 2 neqoxecs.

Vanquished Creatures
  2 neqoxecs (D)
2 creatures vanquished.

Notes
Turn   | Place    | Note
-------+----------+-------------------------------------------
     0 | D        | rocky1 the Djinni Gladiator began the quest for the Orb.
     0 | D        | Reached XP level 1. HP: 18/18 MP: 0/0
     1 | D        | Noticed a neqoxec
     1 | D        | Noticed a neqoxec
     1 | D        | Noticed a neqoxec
     1 | D        | Noticed a neqoxec
     7 | D        | Killed a neqoxec
     8 | D        | Reached skill level 7 in Dodging
     8 | D        | Reached XP level 2. HP: 25/25 MP: 0/0
     8 | D        | Reached XP level 3. HP: 30/30 MP: 0/0
     8 | D        | Learned a level 1 spell: Apportation
     8 | D        | Reached XP level 4. HP: 35/35 MP: 0/0
     8 | D        | Reached XP level 5. HP: 40/40 MP: 0/0
     8 | D        | Learned a level 2 spell: Scorch
    10 | D        | Gained mutation: You do not regenerate when monsters are
                  | visible. [a neqoxec]
    17 | D        | Killed a neqoxec
    18 | D        | Reached skill level 9 in Dodging
    18 | D        | Reached XP level 6. HP: 26/48 MP: 0/0
    18 | D        | Gained mutation: You sometimes lose your temper in combat.
                  | [a neqoxec]
    28 | D        | Slain by a neqoxec

Illustrated notes

Levels and vault maps discovered:
D:        the_violet_keep_of_menkaure [sprint2_stairs_cluster_1,
          sprint2_shoproom, sprint2_temple, sprint2_basic_supplies,
          sprint2_obstacle_1, sprint2_obstacle_2, sprint2_obstacle_5,
          sprint2_obstacle_3, sprint2_obstacle_6, sprint2_timed_cluster_1,
          sprint2_smallroom_cluster_1, sprint2_smallroom_final_cluster_1,
          sprint2_transparent_cluster_1, sprint2_second_timed_cluster_1,
          sprint2_sniper_area_1, sprint2_heavy_combat_area_1,
          sprint2_mutation_trap_area_1, sprint2_forest_area_1,
          sprint2_light_combat_area_1, sprint2_behind_water_1,
          sprint2_near_end_vault_1]

Skill      XL: |  1  2  3  4  5 |
---------------+----------------+-----
Fighting       | 3 4 |  4.4
Long Blades    | 6 7 |  7.8
Throwing       | 2 3 |  3.4
Dodging        | 7 9 |  9.1
Armour         | |  0.3

Action                     |  1- 3 |  4- 6 || total
---------------------------+-------+-------++-------
  Melee: Long sword        |     5 |    20 ||    25
         Punch             |       |     1 ||     1
    Use: Potion            |     1 |       ||     1
 Armour: Leather armour    |     2 |     8 ||    10
  Dodge: Dodged            |       |    11 ||    11

Table legend: (Time is in decaauts)
 A = Elapsed time spent in this place.
 B = Non-inter-level travel time spent in this place.
 C = Inter-level travel time spent in this place.
 D = Time resting spent in this place.
 E = Time spent auto-exploring this place.
 F = Levels seen in this place.
 G = Mean time per level.
                   A        B        C        D        E       F      G
               +--------+--------+--------+--------+--------+-----+--------+
         Total |     33 |     33 |      0 |      0 |      0 |   1 |   33.0 |
       Dungeon |     33 |     33 |      0 |      0 |      0 |   1 |   33.0 |
               +--------+--------+--------+--------+--------+-----+--------+

Top non-repeatable levels by time:
       D: 33 daAuts
